[Event "Titled Tuesday Blitz February 22 Early 2022"]
[White "Carlsson, Ludvig"]
[Black "Nakamura, Hikaru"]
[WhiteFideId "1727010"]
[BlackFideId "2016192"]
[WhiteElo "2178"]
[BlackElo "2850"]
[Result "0-1"]
[Round "01"]
[TimeControl "180+1"]
[Date "2022.02.22"]
[WhiteClock "0:00:01"]
[BlackClock "0:00:14"]

1. d4 g6 2. e4 Bg7 3. Nf3 a6 4. c3 d6 5. Bd3 Nd7 6. O-O e5 7. Re1 Ngf6 8. Nbd2 O-O 9. a4 Re8 10. dxe5 dxe5 11. Nc4 b6 12. Qc2 Bb7 13. Bg5 Nc5 14. Rad1 Nxd3 15. Rxd3 Qc8 16. Nfd2 Nd7 17. b4 a5 18. f3 Bf8 19. Rb1 Ba6 20. b5 Bb7 21. Nb3 Nc5 22. Nxc5 Bxc5+ 23. Be3 Bf8 24. Rbd1 Qe6 25. Nb2 Rac8 26. c4 c6 27. Qf2 cxb5 28. axb5 a4 29. Nxa4 Rxc4 30. Nxb6 Rb4 31. Nd5 Bxd5 32. Rxd5 f5 33. exf5 gxf5 34. b6 f4 35. Bc5 Rb5 36. b7 Rxb7 37. Bxf8 Rxf8 38. Rd6 Qc4 39. R6d2 Rg7 40. Qe2 Qe6 41. Rd6 Qf5 42. Qc4+ Kh8 43. Qe2 Qg5 44. Kh1 Re8 45. R1d2 h5 46. R6d5 h4 47. h3 Qf5 48. Qf2 Rg3 49. Kh2 Reg8 50. Qf1 Qg5 51. Re2 Re8 52. Qa1 Kh7 53. Rdxe5 Rxe5 54. Qa7+ Kg6 0-1


[Site "https://www.chess.com"]

[Event "Titled Tuesday Blitz February 22 Early 2022"]
[White "Chernomordik, Pavel"]
[Black "Durarbayli, Vasif"]
[WhiteFideId "2804530"]
[BlackFideId "13402935"]
[WhiteElo "2249"]
[BlackElo "2528"]
[Result "0-1"]
[Round "01"]
[TimeControl "180+1"]
[Date "2022.02.22"]
[WhiteClock "0:00:10"]
[BlackClock "0:00:12"]

1. e4 c5 2. Nc3 e6 3. f4 a6 4. g3 d5 5. d3 d4 6. Nce2 Nc6 7. Bg2 Bd6 8. Nf3 Nge7 9. O-O b6 10. c4 dxc3 11. bxc3 Bb7 12. Be3 Bc7 13. Qc2 O-O 14. Rad1 Qd7 15. Bh3 Rad8 16. g4 f5 17. gxf5 exf5 18. Qb3+ Kh8 19. Ng5 Ng6 20. Ng3 Nh4 21. Ne6 Na5 22. Nxf8 Rxf8 23. Qc2 Qc6 24. Qf2 c4 25. Bd4 cxd3 26. Nh5 Qxe4 27. Bg2 Qxg2+ 28. Qxg2 Bxg2 29. Bxg7+ Kg8 30. Bxf8 Bxf1 31. Kxf1 Kxf8 32. Rxd3 Ke7 33. Rh3 Ng6 34. Ng3 Ke6 35. Rxh7 Bxf4 36. Ra7 Nc4 37. Rxa6 Be5 38. Ke2 Nf4+ 39. Kf3 Nd5 40. h4 Bxc3 41. h5 Ne5+ 42. Kg2 f4 43. Ne4 f3+ 44. Kf1 Bd4 45. h6 Ng4 46. h7 Kf5 47. Ng3+ Kg6 48. Ra7 Nde3+ 49. Ke1 Bc3# 0-1


[Site "https://www.chess.com"]

[Event "Titled Tuesday Blitz February 22 Early 2022"]
[White "Chigaev, Maksim"]
[Black "Grieve, Harry"]
[WhiteFideId "4108116"]
[BlackFideId "426520"]
[WhiteElo "2502"]
[BlackElo "2294"]
[Result "1-0"]
[Round "01"]
[TimeControl "180+1"]
[Date "2022.02.22"]
[WhiteClock "0:01:39"]
[BlackClock "0:00:17"]

1. d4 f5 2. Bg5 g6 3. Nc3 Bg7 4. f3 d5 5. Qd2 Nc6 6. e3 h6 7. Bh4 Nf6 8. O-O-O O-O 9. Kb1 Be6 10. Nge2 Bf7 11. Bg3 Re8 12. Be5 e6 13. h3 Nxe5 14. dxe5 Nd7 15. f4 a6 16. g4 c5 17. Rg1 Kh7 18. gxf5 gxf5 19. Ng3 Rg8 20. Nxd5 exd5 21. Nxf5 c4 22. Nd6 Bh5 23. Qxd5 Qf8 24. Bxc4 Nb6 25. Qe4+ Kh8 26. Bd3 1-0


[Site "https://www.chess.com"]

[Event "Titled Tuesday Blitz February 22 Early 2022"]
[White "Chincholimath, Halsagar"]
[Black "Kovanova, Baira"]
[WhiteFideId "5022487"]
[BlackFideId "4164083"]
[WhiteElo "1737"]
[BlackElo "2190"]
[Result "0-1"]
[Round "01"]
[TimeControl "180+1"]
[Date "2022.02.22"]
[WhiteClock "0:00:10"]
[BlackClock "0:00:40"]

1. e4 e5 2. Nf3 Nc6 3. Nc3 Nf6 4. d4 exd4 5. Nxd4 Bc5 6. Nxc6 bxc6 7. Bd3 d6 8. O-O O-O 9. Bg5 h6 10. Bh4 Re8 11. Kh1 a5 12. f4 Qe7 13. e5 dxe5 14. fxe5 Qxe5 15. Bxf6 gxf6 16. Ne4 Be7 17. Qf3 Be6 18. Rae1 Bd5 19. Qg4+ Kh8 20. Nxf6 Qxe1 21. Rxe1 Bxf6 22. Rxe8+ Rxe8 23. Kg1 Rg8 24. Qf5 Rg6 25. g3 Kg7 26. c3 Bg5 27. Kf2 Rf6 28. h4 Rxf5+ 29. Bxf5 Bf6 30. Ke3 Bxa2 0-1


[Site "https://www.chess.com"]

[Event "Titled Tuesday Blitz February 22 Early 2022"]
[White "Colas, Joshua"]
[Black "Medeiros Jr, Francisco De Assis"]
[WhiteFideId "2044447"]
[BlackFideId "2114267"]
[WhiteElo "2347"]
[BlackElo "1998"]
[Result "1-0"]
[Round "01"]
[TimeControl "180+1"]
[Date "2022.02.22"]
[WhiteClock "0:00:06"]
[BlackClock "0:00:02"]

1. Nf3 d5 2. d4 e6 3. g3 Nf6 4. Bg2 a6 5. O-O g6 6. c4 c6 7. c5 Bg7 8. Nc3 O-O 9. Bg5 Nbd7 10. Qd2 Qc7 11. Bf4 Qd8 12. Bd6 Re8 13. b4 Bf8 14. Bf4 Nh5 15. Be3 Bg7 16. a4 e5 17. dxe5 Nxe5 18. Nxe5 Bxe5 19. Bd4 Qf6 20. e3 Ng7 21. b5 axb5 22. axb5 Bd7 23. b6 Bxd4 24. Qxd4 Qxd4 25. exd4 Rxa1 26. Rxa1 Nf5 27. Rd1 Ra8 28. Bh3 Ra3 29. Nb1 Ra4 30. Nc3 Ra3 31. Ne2 Be6 32. Nf4 Ra4 33. Bxf5 Bxf5 34. h3 h5 35. h4 Kf8 36. Kg2 Ke7 37. Re1+ Kd7 38. Rd1 Ra3 39. Rd2 Be4+ 40. Kf1 Ra1+ 41. Ke2 Ra3 42. Rb2 Bf3+ 43. Kd2 Ra4 44. Kc3 Be4 45. Ne2 Rc4+ 46. Kd2 Ra4 47. Rb3 Ra2+ 48. Ke3 Ra4 49. Nc3 Ra1 50. Rb2 Re1+ 51. Re2 Rxe2+ 52. Nxe2 Ke6 53. Kf4 Bd3 54. Nc3 f6 55. Na2 Bb5 56. Nb4 1-0


[Site "https://www.chess.com"]

[Event "Titled Tuesday Blitz February 22 Early 2022"]
[White "Coto Mederos, Michel"]
[Black "Stanisz, Patryk"]
[WhiteFideId "3508528"]
[BlackFideId "1123106"]
[WhiteElo "2427"]
[BlackElo "1876"]
[Result "0-1"]
[Round "01"]
[TimeControl "180+1"]
[Date "2022.02.22"]
[WhiteClock "0:00:01"]
[BlackClock "0:00:07"]

1. d4 d5 2. c4 c6 3. Nf3 Nf6 4. Nc3 e6 5. cxd5 exd5 6. Bg5 Be7 7. e3 Bg4 8. Bd3 Nbd7 9. h3 Bh5 10. Bf4 Qb6 11. Qc2 Bg6 12. Bxg6 hxg6 13. O-O O-O 14. Rab1 a5 15. Rfc1 Rfe8 16. Na4 Qd8 17. Qb3 b5 18. Nc3 b4 19. Na4 Rc8 20. Rc2 Ne4 21. Rbc1 g5 22. Bh2 Ndf6 23. Rxc6 Rxc6 24. Rxc6 g4 25. Ne5 gxh3 26. gxh3 Bd6 27. f3 Bxe5 28. Bxe5 Qd7 29. Rc2 Ng5 30. Rg2 Nxf3+ 31. Kf2 Nxe5 32. dxe5 Ne4+ 33. Ke2 Qxh3 34. Rf2 Qh5+ 35. Ke1 Qxe5 36. Rg2 Qh5 0-1


[Site "https://www.chess.com"]

[Event "Titled Tuesday Blitz February 22 Early 2022"]
[White "Danaci, Ege"]
[Black "Obolenskikh, Dmitry"]
[WhiteFideId "34506748"]
[BlackFideId "4156013"]
[WhiteElo "1799"]
[BlackElo "2512"]
[Result "0-1"]
[Round "01"]
[TimeControl "180+1"]
[Date "2022.02.22"]
[WhiteClock "0:00:17"]
[BlackClock "0:00:40"]

1. e4 e5 2. Nf3 Nc6 3. d4 exd4 4. Nxd4 Bc5 5. Nb3 Bb6 6. Nc3 Nf6 7. Bg5 h6 8. Bh4 d6 9. Qe2 Nd4 10. Qd3 Nxb3 11. cxb3 Be6 12. O-O-O g5 13. Bg3 Nh5 14. Nd5 Nxg3 15. Qxg3 Bxd5 16. Rxd5 Qe7 17. Qg4 Qe6 18. Qxe6+ fxe6 19. Rd2 Rf8 20. Bc4 Bxf2 21. Kc2 Ke7 22. g3 Be3 23. Re2 Bd4 24. Rd1 Be5 25. b4 a6 26. a4 Rf6 27. b5 axb5 28. axb5 g4 29. Kb3 h5 30. Rd3 Rf1 31. Rc2 Raa1 32. Rdd2 Rf3+ 33. Rd3 d5 34. exd5 exd5 0-1


[Site "https://www.chess.com"]

[Event "Titled Tuesday Blitz February 22 Early 2022"]
[White "Dauner, Benedikt"]
[Black "Boros, Denes"]
[WhiteFideId "16225899"]
[BlackFideId "722340"]
[WhiteElo "2230"]
[BlackElo "2464"]
[Result "1/2-1/2"]
[Round "01"]
[TimeControl "180+1"]
[Date "2022.02.22"]
[WhiteClock "0:00:04"]
[BlackClock "0:00:16"]

1. d4 Nc6 2. e4 g6 3. d5 Nb8 4. h4 d6 5. h5 Bg7 6. Nc3 c6 7. Be2 Nd7 8. h6 Bxc3+ 9. bxc3 Ngf6 10. Bf3 Qa5 11. Bd2 Ne5 12. dxc6 bxc6 13. Be2 Nxe4 14. Nf3 Nxc3 15. Qc1 Nxf3+ 16. Bxf3 Ba6 17. Bxc6+ Kd8 18. Bxa8 Kc7 19. Rh3 Qe5+ 20. Re3 Qh2 21. Rxc3+ Kb8 22. Be3 Kxa8 23. Kd2 Qxg2 24. Rb1 Qd5+ 25. Ke1 Qh1+ 26. Kd2 Qd5+ 27. Rd3 Bxd3 28. cxd3 Qxa2+ 29. Qc2 Qxc2+ 30. Kxc2 Rc8+ 31. Kd2 Rc6 32. Ra1 a6 33. Ra5 Kb7 34. Ra2 Kc8 35. Rb2 a5 36. Ra2 Ra6 37. Kc3 Kd7 38. Kb3 Kc6 39. Ka4 Ra8 40. Bd2 Kd5 41. Be3 e5 42. Rb2 Ke6 43. Rb7 d5 44. Bb6 e4 45. dxe4 dxe4 46. Bxa5 Rc8 47. Kb5 Rc2 48. Bb6 g5 49. Be3 g4 50. Rb6+ Kf5 51. Rb7 Kg6 52. Re7 f5 53. Rg7+ Kf6 54. Rxh7 f4 55. Bxf4 Rxf2 56. Be3 Re2 57. Bd4+ Kg6 58. Rh8 g3 59. h7 Rh2 60. Rg8+ Kxh7 61. Rxg3 Rh4 62. Re3 Kg6 63. Kc4 Kf5 64. Kd5 Rg4 65. Bc5 Rf4 66. Bd4 Rg4 67. Bc5 Rf4 68. Bd6 Rh4 69. Re1 Rg4 70. Be5 Rh4 71. Rf1+ Kg6 72. Kd4 Rg4 73. Bf4 Kf5 74. Be3+ Ke6 75. Bf4 Kf5 76. Ke3 Kg6 77. Kxe4 Rg2 78. Rh1 Rg4 79. Rh6+ Kg7 80. Kf5 Rxf4+ 81. Kxf4 Kxh6 1/2-1/2


[Site "https://www.chess.com"]

[Event "Titled Tuesday Blitz February 22 Early 2022"]
[White "De Silva, L M S T"]
[Black "Viskelis, Darius"]
[WhiteFideId "9953698"]
[BlackFideId "12800830"]
[WhiteElo "1631"]
[BlackElo "1999"]
[Result "1-0"]
[Round "01"]
[TimeControl "180+1"]
[Date "2022.02.22"]
[WhiteClock "0:01:22"]
[BlackClock "0:00:10"]

1. e4 e5 2. Nf3 Nc6 3. Bb5 Nf6 4. d3 Bc5 5. O-O Nd4 6. Nxd4 Bxd4 7. c3 Bb6 8. Nd2 O-O 9. Ba4 c6 10. Bc2 d5 11. h3 Be6 12. Qe2 h6 13. Rd1 Qc7 14. Nf1 Rad8 15. Be3 d4 16. Bd2 a6 17. c4 Ba5 18. g4 Bxd2 19. Qxd2 Nh7 20. Ng3 Ng5 21. Kg2 g6 22. h4 Nh7 23. Qxh6 Bxg4 24. Rg1 Nf6 25. f3 Be6 26. Kh1 Qd7 27. h5 Rfe8 28. hxg6 fxg6 29. Qxg6+ Qg7 30. Nh5 Nxh5 31. Qxh5 Rd7 32. Qxe8+ 1-0


[Site "https://www.chess.com"]

[Event "Titled Tuesday Blitz February 22 Early 2022"]
[White "De Souza, Cristiano Gomes"]
[Black "Fecker, Noah"]
[WhiteFideId "2151758"]
[BlackFideId "1334263"]
[WhiteElo "2068"]
[BlackElo "2312"]
[Result "0-1"]
[Round "01"]
[TimeControl "180+1"]
[Date "2022.02.22"]
[WhiteClock "0:01:27"]
[BlackClock "0:02:16"]

1. d4 d5 2. c4 e6 3. Nf3 a6 4. Nc3 dxc4 5. a4 Nc6 6. e3 Na5 7. Nd2 c5 8. Nxc4 Nf6 9. Be2 cxd4 10. Nxa5 Qxa5 11. Qxd4 e5 12. Qh4 Be7 13. Bd2 Qb6 14. Bc1 Bf5 15. O-O O-O 16. a5 Qe6 17. Bc4 Qc6 18. Rd1 Rfe8 19. Qg3 Qxc4 0-1


[Site "https://www.chess.com"]

[Event "Titled Tuesday Blitz February 22 Early 2022"]
[White "Deac, Bogdan-Daniel"]
[Black "Djokic, Mihailo"]
[WhiteFideId "1226380"]
[BlackFideId "976440"]
[WhiteElo "2646"]
[BlackElo "2008"]
[Result "1-0"]
[Round "01"]
[TimeControl "180+1"]
[Date "2022.02.22"]
[WhiteClock "0:00:17"]
[BlackClock "0:00:22"]

1. Nf3 Nf6 2. c4 g6 3. Nc3 d6 4. g3 Bg7 5. Bg2 O-O 6. O-O Nc6 7. d4 a6 8. Re1 Re8 9. h3 e5 10. d5 Nd4 11. Nxd4 exd4 12. Qxd4 Ne4 13. Qd3 Nxc3 14. bxc3 Qf6 15. Bd2 b6 16. e4 a5 17. Rac1 Ba6 18. Be3 Qe7 19. Bd4 Qd7 20. Bxg7 Kxg7 21. f4 f6 22. Qd4 Kg8 23. Qxf6 Bxc4 24. a3 Qa4 25. Qd4 b5 26. Ra1 Qc2 27. e5 dxe5 28. Rxe5 Rad8 29. Rae1 Rxe5 30. Qxe5 Qd2 31. Qe6+ Kg7 32. Qe7+ Kh6 33. Qh4+ Kg7 34. Re7+ Kf8 35. Qf6+ 1-0


[Site "https://www.chess.com"]

[Event "Titled Tuesday Blitz February 22 Early 2022"]
[White "Dejmek, Mark"]
[Black "Postnikov, Daniil"]
[WhiteFideId "2017628"]
[BlackFideId "4166329"]
[WhiteElo "2213"]
[BlackElo "2261"]
[Result "0-1"]
[Round "01"]
[TimeControl "180+1"]
[Date "2022.02.22"]
[WhiteClock "0:00:03"]
[BlackClock "0:00:06"]

1. Nf3 c5 2. b3 Nc6 3. Bb2 d6 4. e4 e5 5. Bb5 Ne7 6. O-O g6 7. d3 Bg7 8. a4 O-O 9. Na3 Nd4 10. c3 Nxb5 11. axb5 f5 12. Nc4 f4 13. d4 d5 14. exd5 e4 15. d6 Nf5 16. Nfe5 Nxd6 17. dxc5 Nxb5 18. Qxd8 Rxd8 19. Rfe1 Bf5 20. g4 fxg3 21. hxg3 h5 22. Rad1 a6 23. c6 bxc6 24. Nxc6 Rxd1 25. Rxd1 Re8 26. Nd6 Nxd6 27. Rxd6 e3 28. fxe3 Rxe3 29. Kf2 Re8 30. Nd4 Be4 31. c4 Be5 32. Rd7 Rf8+ 33. Ke3 Ba8 34. Re7 Bxg3 35. Ne6 Bf2+ 36. Kd2 Rf7 37. Rxf7 Kxf7 38. Ng5+ Ke7 39. Ke2 Bg3 40. Nf3 Bxf3+ 41. Kxf3 Bd6 42. Ke4 Ke6 43. Bc3 h4 44. b4 h3 45. Kf3 g5 46. b5 axb5 47. cxb5 Kf5 48. Be1 g4+ 49. Kf2 g3+ 50. Kg1 Bc5+ 51. Kh1 g2+ 52. Kh2 g1=Q+ 53. Kxh3 Qxe1 54. Kg2 Qf2+ 55. Kh3 Bd6 56. b6 Qg3# 0-1


[Site "https://www.chess.com"]

[Event "Titled Tuesday Blitz February 22 Early 2022"]
[White "Delaney, Killian"]
[Black "Osiecki, Stanislaw"]
[WhiteFideId "2501570"]
[BlackFideId "1102990"]
[WhiteElo "2306"]
[BlackElo "2127"]
[Result "1-0"]
[Round "01"]
[TimeControl "180+1"]
[Date "2022.02.22"]
[WhiteClock "0:00:24"]
[BlackClock "0:00:01"]

1. e4 e6 2. d4 d5 3. e5 c5 4. c3 Nc6 5. Nf3 Qb6 6. Bd3 cxd4 7. cxd4 Nb4 8. Be2 Ne7 9. Nc3 Nf5 10. O-O Bd7 11. a3 Nc6 12. Na4 Qd8 13. Be3 Be7 14. b4 O-O 15. Rc1 Rc8 16. Bd3 Nxe3 17. fxe3 h6 18. Bb1 b6 19. Qd3 g6 20. Nc3 a5 21. b5 Na7 22. a4 Kg7 23. e4 dxe4 24. Qxe4 Bb4 25. Ne2 Rc7 26. Nf4 Be8 27. h4 Rxc1 28. Rxc1 Qe7 29. h5 Ba3 30. Rf1 f5 31. exf6+ Qxf6 32. Nxg6 Bxg6 33. hxg6 Nc8 34. Ba2 Nd6 35. Qxe6 Qxe6 36. Bxe6 Kxg6 37. Kh2 Ne4 38. Ne5+ Kg7 39. Re1 Nc3 40. Re3 Nxa4 41. Rxa3 Nb2 42. Rg3+ Kf6 43. Nd7+ Kxe6 44. Nxf8+ Kd5 45. Rg6 Kxd4 46. Rxb6 Kc5 47. Rb8 a4 48. Ne6+ Kb4 49. b6 a3 50. Nd4 a2 51. Nc2+ Kc3 52. Na1 Nc4 53. b7 Nd6 54. Rc8+ 1-0


[Site "https://www.chess.com"]

[Event "Titled Tuesday Blitz February 22 Early 2022"]
[White "Demin, Vladimir"]
[Black "Markelova, Lubov"]
[WhiteFideId "4167457"]
[BlackFideId "24131369"]
[WhiteElo "2570"]
[BlackElo "1820"]
[Result "1-0"]
[Round "01"]
[TimeControl "180+1"]
[Date "2022.02.22"]
[WhiteClock "0:00:35"]
[BlackClock "0:00:02"]

1. d4 d5 2. Nc3 Nf6 3. Bf4 c5 4. e3 a6 5. dxc5 e6 6. b4 b6 7. Nf3 bxc5 8. b5 Bd6 9. Bxd6 Qxd6 10. bxa6 Bxa6 11. Bxa6 Nxa6 12. O-O O-O 13. a4 Nb4 14. Nb5 Qb6 15. c3 Nc6 16. Qc2 Na7 17. c4 Rfd8 18. Rfb1 Nc6 19. h3 Nb4 20. Qb3 Ne4 21. Rd1 h6 22. Ne5 Nd6 23. Nc3 Nxc4 24. Nxc4 dxc4 25. Qxc4 Rxd1+ 26. Rxd1 Rd8 27. Rxd8+ Qxd8 28. Qxc5 Nd3 29. Qd4 Qxd4 30. exd4 Nb4 31. a5 Kf8 32. Kf1 Ke7 33. Na4 Kd6 34. Nc5 1-0


[Site "https://www.chess.com"]

[Event "Titled Tuesday Blitz February 22 Early 2022"]
[White "Dew, Brian"]
[Black "Maevsky, Nikolay"]
[WhiteFideId "6000495"]
[BlackFideId "4198220"]
[WhiteElo "2118"]
[BlackElo "2104"]
[Result "0-1"]
[Round "01"]
[TimeControl "180+1"]
[Date "2022.02.22"]
[WhiteClock "0:00:01"]
[BlackClock "0:00:36"]

1. b3 d5 2. Bb2 Bg4 3. h3 Bh5 4. d3 e6 5. Nd2 a5 6. a3 Nf6 7. g4 Bg6 8. Bg2 c6 9. e3 h5 10. g5 Nfd7 11. h4 e5 12. Ne2 Bd6 13. Ng3 Qe7 14. Bh3 Na6 15. Nf5 Bxf5 16. Bxf5 g6 17. Bh3 O-O 18. Qf3 Rfe8 19. O-O Nc7 20. Rae1 Rad8 21. Ra1 Ne6 22. Bc3 Ra8 23. Bb2 Ng7 24. Qg2 Bc5 25. Nf3 e4 26. Nd4 Nf8 27. dxe4 dxe4 28. Rfd1 Rad8 29. Qf1 Bd6 30. Ne2 Be5 31. Bxe5 Qxe5 32. Nd4 Rd5 33. Rd2 Red8 34. Rad1 Qe7 0-1


[Site "https://www.chess.com"]

[Event "Titled Tuesday Blitz February 22 Early 2022"]
[White "Dolzhykova, Kateryna"]
[Black "Vitiugov, Nikita"]
[WhiteFideId "14113414"]
[BlackFideId "4152956"]
[WhiteElo "2165"]
[BlackElo "2673"]
[Result "0-1"]
[Round "01"]
[TimeControl "180+1"]
[Date "2022.02.22"]
[WhiteClock "0:00:02"]
[BlackClock "0:00:06"]

1. e4 c5 2. Nf3 Nc6 3. Bb5 e6 4. O-O Nge7 5. c3 a6 6. Ba4 b5 7. Bc2 Bb7 8. d4 cxd4 9. Nxd4 Ng6 10. Be3 Be7 11. f4 O-O 12. Nd2 Nxd4 13. Bxd4 Bf6 14. f5 Ne5 15. Qh5 d6 16. Rad1 Qe7 17. Nf3 g6 18. Qh3 exf5 19. exf5 Nxf3+ 20. gxf3 Rae8 21. Bf2 Qe2 22. Bb3 Re5 23. Rfe1 Qxf3 24. Qxf3 Bxf3 25. Rxd6 Rxf5 26. Rxa6 h5 27. Re3 Kg7 28. Rd3 Be5 29. Ra7 Be2 30. Re3 Rg5+ 31. Bg3 Bb8 32. Rxe2 Bxa7+ 33. Kg2 h4 34. Re5 Kf6 35. Rxg5 Kxg5 36. Be1 f5 37. Kf3 Kh6 38. Bd2+ g5 39. Be6 Bb8 40. Be3 Kg6 41. b3 g4+ 42. Kg2 f4 43. Bd4 f3+ 44. Kg1 g3 45. hxg3 hxg3 46. Bh3 Kg5 47. c4 Rd8 48. Be3+ Bf4 49. Bb6 Rd1+ 50. Bf1 g2 0-1


[Site "https://www.chess.com"]

[Event "Titled Tuesday Blitz February 22 Early 2022"]
[White "Wagner, Dinara"]
[Black "Necula, Iulian"]
[WhiteFideId "24157570"]
[BlackFideId "1232380"]
[WhiteElo "2216"]
[BlackElo "1776"]
[Result "1-0"]
[Round "01"]
[TimeControl "180+1"]
[Date "2022.02.22"]
[WhiteClock "0:00:49"]
[BlackClock "0:00:01"]

1. d4 d6 2. c4 f5 3. Nf3 Nf6 4. g3 g6 5. Bg2 Bg7 6. Nc3 O-O 7. O-O c6 8. d5 e5 9. dxe6 Bxe6 10. Ng5 Bxc4 11. Bf4 d5 12. Ne6 Qe7 13. Nxf8 Qxf8 14. b3 Ba6 15. Rc1 Nbd7 16. Re1 Nh5 17. Be3 f4 18. Bd4 Bh6 19. Rc2 fxg3 20. hxg3 Re8 21. Nxd5 Qd6 22. Nc3 b6 23. Ne4 Qe6 24. Rxc6 Qxc6 25. Nf6+ Qxf6 26. Bxf6 Ndxf6 27. Qd6 Bf8 28. Qc7 Re7 29. Qd8 Kg7 30. Rc1 Bxe2 31. Rc7 Rxc7 32. Qxc7+ Kh6 33. Qxa7 Bg4 34. Qxb6 1-0


[Site "https://www.chess.com"]

[Event "Titled Tuesday Blitz February 22 Early 2022"]
[White "Dovbnia, Nikita"]
[Black "Rodchenkov, Sergey D."]
[WhiteFideId "54104599"]
[BlackFideId "4168712"]
[WhiteElo "2111"]
[BlackElo "2306"]
[Result "0-1"]
[Round "01"]
[TimeControl "180+1"]
[Date "2022.02.22"]
[WhiteClock "0:00:01"]
[BlackClock "0:00:12"]

1. Nf3 d5 2. g3 Nf6 3. Bg2 Bg4 4. O-O c6 5. d3 Nbd7 6. h3 Bh5 7. c4 dxc4 8. dxc4 e6 9. Nc3 Be7 10. e4 O-O 11. Qd3 Nc5 12. Qe2 a5 13. Rd1 Qb6 14. Be3 Qa6 15. e5 Nfd7 16. Bd4 a4 17. Rac1 Bg6 18. Nd2 a3 19. b3 Nd3 20. Ra1 c5 21. Be3 N3xe5 22. f4 Nc6 23. Nb5 Qb6 24. Ne4 Nf6 25. Nbd6 Nd4 26. Bxd4 cxd4 27. c5 Qa7 28. Rxd4 Nxe4 29. Nxe4 Bxc5 30. Nxc5 Qxc5 31. Qf2 Qc3 32. Rad1 Rab8 33. Rc4 Qb2 34. Qxb2 axb2 35. Be4 b5 36. Bxg6 bxc4 37. bxc4 hxg6 38. Rb1 Rfc8 39. Kf2 Rxc4 0-1


[Site "https://www.chess.com"]

[Event "Titled Tuesday Blitz February 22 Early 2022"]
[White "Dreev, Aleksey"]
[Black "Karabalis, Harilos"]
[WhiteFideId "4100107"]
[BlackFideId "4621808"]
[WhiteElo "2636"]
[BlackElo "2168"]
[Result "1-0"]
[Round "01"]
[TimeControl "180+1"]
[Date "2022.02.22"]
[WhiteClock "0:00:23"]
[BlackClock "0:00:02"]

1. d4 Nf6 2. Nf3 d5 3. c4 e6 4. Nc3 dxc4 5. Bg5 Bb4 6. e3 c5 7. Bxc4 cxd4 8. Nxd4 O-O 9. Qb3 Be7 10. O-O a6 11. Rfd1 Qa5 12. Ne4 Nbd7 13. Bxe6 fxe6 14. Qxe6+ Rf7 15. Nf5 Bf8 16. Ned6 Ne5 17. Nxc8 Rxc8 18. Qxc8 Ne4 19. Bf4 Ng6 20. Nd6 Nxd6 21. Bxd6 Qb5 22. Bxf8 Nxf8 23. b3 h6 24. Qc4 Qf5 25. f3 Qe5 26. e4 Ne6 27. Qd5 Qf6 28. Rac1 Kh7 29. Qf5+ Qxf5 30. exf5 Rxf5 31. Rd7 Nf4 32. Rcc7 Rg5 33. g3 Ne6 34. Rc4 Rg6 35. f4 Rf6 36. Rd6 Kg6 37. Re4 Kf5 38. Re5+ Kg4 39. Rexe6 1-0


[Site "https://www.chess.com"]

[Event "Titled Tuesday Blitz February 22 Early 2022"]
[White "Erdogdu, Mert"]
[Black "Iljin, Timofey"]
[WhiteFideId "6301495"]
[BlackFideId "14110180"]
[WhiteElo "2485"]
[BlackElo "2396"]
[Result "1-0"]
[Round "01"]
[TimeControl "180+1"]
[Date "2022.02.22"]
[WhiteClock "0:01:44"]
[BlackClock "0:01:45"]

1. e4 e5 2. Nf3 Nc6 3. Bc4 Nf6 4. d3 Bc5 5. O-O d6 6. c3 a6 7. a4 O-O 8. Bg5 h6 9. Bh4 g5 10. Bg3 Bg4 11. Nbd2 Ne7 12. Qc2 Ng6 13. d4 exd4 14. cxd4 Bb6 15. e5 dxe5 16. Qxg6+ Kh8 17. Qxh6+ Nh7 18. Bxe5+ f6 19. Nxg5 Bf5 20. Nxh7 Bxh7 21. Bd3 Qe7 22. Bxh7 Qxh7 23. Bxf6+ Kg8 24. Qxh7+ Kxh7 25. Be5 Rad8 26. Nf3 Rde8 27. a5 Ba7 28. Bxc7 Re2 29. b4 Rf7 30. Ng5+ Kg6 31. Nxf7 1-0


[Site "https://www.chess.com"]

[Event "Titled Tuesday Blitz February 22 Early 2022"]
[White "FGHSMN"]
[Black "Tay, Junior"]
[BlackFideId "5800439"]
[WhiteElo "2800"]
[BlackElo "2216"]
[Result "1-0"]
[Round "01"]
[TimeControl "180+1"]
[Date "2022.02.22"]
[WhiteClock "0:00:15"]
[BlackClock "0:00:24"]

1. d4 Nf6 2. Nf3 g6 3. Nc3 d6 4. e4 c6 5. Be2 Bg7 6. O-O O-O 7. Re1 Nbd7 8. a4 e5 9. a5 Rb8 10. Be3 b5 11. dxe5 dxe5 12. Bxa7 Ra8 13. Be3 Rxa5 14. Qd6 Bb7 15. Bg5 Rxa1 16. Rxa1 Re8 17. Ra7 Qc8 18. Nd2 Bf8 19. Qd3 Bc5 20. Ra1 Qc7 21. Nb3 Bb6 22. Qf3 Nh5 23. Rd1 Nf8 24. Qh3 Nf4 25. Qh6 N8e6 26. Bf6 b4 27. g3 Nxe2+ 28. Nxe2 c5 29. Rd5 Qc6 30. Rxe5 Bd8 31. Rxe6 Qxe6 32. Qg7# 1-0


[Site "https://www.chess.com"]

[Event "Titled Tuesday Blitz February 22 Early 2022"]
[White "Ferreira, Vitor Hugo Vieira"]
[Black "Svane, Rasmus"]
[WhiteFideId "2119765"]
[BlackFideId "4657101"]
[WhiteElo "2216"]
[BlackElo "2645"]
[Result "0-1"]
[Round "01"]
[TimeControl "180+1"]
[Date "2022.02.22"]
[WhiteClock "0:02:25"]
[BlackClock "0:01:39"]

1. Nf3 d5 2. g3 Nc6 3. Bg2 e5 4. d4 e4 5. Ne5 Bd6 6. c4 Nxe5 7. dxe5 Bxe5 8. cxd5 f5 9. Qb3 Nf6 10. Nc3 Bxc3+ 11. bxc3 Qxd5 12. c4 Qe6 13. Ba3 Kf7 14. O-O b6 15. f3 Bb7 16. fxe4 Bxe4 17. Bxe4 Nxe4 18. Rxf5+ Qxf5 19. Rf1 Qxf1+ 20. Kxf1 Nd2+ 0-1


[Site "https://www.chess.com"]

[Event "Titled Tuesday Blitz February 22 Early 2022"]
[White "Fiorito, Fabian"]
[Black "Siva Mahadevan"]
[WhiteFideId "100200"]
[BlackFideId "25043153"]
[WhiteElo "2395"]
[BlackElo "2203"]
[Result "0-1"]
[Round "01"]
[TimeControl "180+1"]
[Date "2022.02.22"]
[WhiteClock "0:00:41"]
[BlackClock "0:00:24"]

1. d4 Nf6 2. Nc3 d5 3. Bf4 g6 4. e3 Bg7 5. h4 O-O 6. h5 c5 7. hxg6 hxg6 8. Qd2 Nc6 9. O-O-O Qa5 10. dxc5 Qxc5 11. Nxd5 Ne4 12. Qe2 Nb4 13. Nxb4 Qxb4 14. c3 Nxc3 15. bxc3 Qxc3+ 16. Qc2 Qa3+ 17. Kd2 Bf5 18. e4 Rac8 19. Qb3 Qa5+ 20. Ke2 Bxe4 21. Nf3 Rc3 22. Nd2 Rxb3 23. axb3 Bd5 24. f3 e5 25. Be3 f5 26. Kf2 f4 27. Nc4 fxe3+ 28. Nxe3 Bxb3 29. Rd7 Qb6 30. Bd3 Rd8 31. Rxd8+ Qxd8 32. Bxg6 Qd2+ 0-1


[Site "https://www.chess.com"]

[Event "Titled Tuesday Blitz February 22 Early 2022"]
[White "Fonseca Manrique, Enrique"]
[Black "Fakhretdinova, Margarita"]
[WhiteFideId "5114330"]
[BlackFideId "24103667"]
[WhiteElo "2599"]
[BlackElo "2245"]
[Result "1-0"]
[Round "01"]
[TimeControl "180+1"]
[Date "2022.02.22"]
[WhiteClock "0:00:57"]
[BlackClock "0:00:20"]

1. e4 c5 2. Nc3 Nc6 3. f4 g6 4. Nf3 Bg7 5. Bb5 e6 6. Bxc6 dxc6 7. O-O Ne7 8. d3 O-O 9. e5 Nf5 10. Ne4 h5 11. b3 a5 12. a4 b6 13. Qd2 Qd5 14. Bb2 Ba6 15. Rae1 Rfd8 16. Qf2 Qd7 17. h3 Qe7 18. Nf6+ Kf8 19. g4 hxg4 20. hxg4 Nh6 21. Ng5 Bxf6 22. exf6 Qd6 23. Qh4 Ng8 24. Qh7 Ra7 25. Qg7+ Ke8 26. Qxg8+ Kd7 27. Qxf7+ Kc8 28. Qxa7 1-0


[Site "https://www.chess.com"]